 Dungeon Crawl Stone Soup version 0.30-a0-339-g89bb51ec76 (webtiles) character file.

Game seed: 7119054152270698213

16 Darkkill the Shooter (level 2, -3/25 HPs)
             Began as a Minotaur Hunter on Oct 31, 2022.
             Slain by a gnoll
             ... wielding a +0 whip
              (4 damage)
             ... on level 1 of the Dungeon.
             The game lasted 00:00:15 (199 turns).

Darkkill the Shooter (Minotaur Hunter)               Turns: 199, Time: 00:00:16

Health: -3/25      AC:  3    Str: 15    XL:     2   Next: 37%
Magic:  1/1        EV: 12    Int:  6    God:
Gold:   0          SH:  0    Dex: 13    Spells: 1/1 levels left

rFire   . . .      SeeInvis .    a - +0 shortbow
rCold   . . .      Faith    .    (shield currently unavailable)
rNeg    . . .      Spirit   .    c - +0 leather armour
rPois   .          Reflect  .    (helmet restricted)
rElec   .          Harm     .    (no cloak)
rCorr   .          Rampage  .    (no gloves)
Will    .....                    (no boots)
Stlth   +.........               (no amulet)
HPRegen 0.24/turn                (no ring)
MPRegen 0.07/turn                (no ring)

@: no status effects
A: horns 2, retaliatory headbutt
a: no special abilities


You were on level 1 of the Dungeon.
You visited 1 branch of the dungeon, and saw 1 of its levels.

Inventory:

Hand Weapons
 a - a +0 shortbow (weapon)
Missiles
 d - 16 stones
Armour
 c - a +0 leather armour (worn)
Scrolls
 b - a scroll of immolation
 g - a scroll of fog {unknown}
 i - a scroll of fear {unknown}
 j - a scroll of identify {unknown}
Potions
 e - a potion of curing {unknown}
 f - a potion of degeneration {unknown}
 h - a potion of brilliance {unknown}


   Skills:
 + Level 2.8 Fighting
 + Level 4.5 Ranged Weapons
 + Level 2.5 Dodging
 + Level 1.2 Stealth


You had one spell level left.
You didn't know any spells.
Your spell library contained the following spells:

 Spells                   Type           Power      Damage    Failure   Level
 Cigotuvi's Dreadful Rot  Necr/Pois/Air  0%         N/A       67%         2
 Poisonous Vapours        Pois/Air       0%         N/A       67%         2
 Mephitic Cloud           Conj/Pois/Air  0%         N/A       88%         3


Dungeon Overview and Level Annotations

Branches:
Dungeon (1/15)

Altars:


Innate Abilities, Weirdness & Mutations

You have a pair of horns on your head.
You reflexively headbutt those who attack you in melee.


Message History

d - 16 stones (gained 5)
You see here a +0 leather armour.
A hobgoblin comes into view.
Found a scroll labelled NURGHE VUAGH.
The hobgoblin shouts!
You shoot an arrow. The arrow hits the hobgoblin.
The hobgoblin is almost dead.
A hobgoblin is nearby!
You shoot an arrow. The arrow barely misses the hobgoblin.
A hobgoblin is nearby!
You shoot an arrow. The arrow hits the hobgoblin.
You kill the hobgoblin!
You have reached level 2!
j - a scroll labelled NURGHE VUAGH No target in view!
A jackal comes into view.
You shoot an arrow. The arrow misses the jackal.
You hear a shout!
You hear a bark! x3
A jackal is nearby!
You shoot an arrow.
The arrow hits the jackal but does no damage.
A jackal comes into view. x2; A hobgoblin comes into view.
There are monsters nearby!
You shoot an arrow. The arrow closely misses the jackal.
A jackal comes into view.
The jackal bites you.
There are monsters nearby!
You shoot an arrow. The arrow hits the jackal!
You kill the jackal!
The hobgoblin hits you but does no damage.
There are monsters nearby!
You shoot an arrow. The arrow closely misses the hobgoblin.
The arrow hits the jackal.
You kill the jackal!
The hobgoblin closely misses you. You furiously retaliate!
You headbutt the hobgoblin, but do no damage.
You shoot an arrow. The arrow hits the hobgoblin.
The hobgoblin is almost dead.
The hobgoblin misses you. You furiously retaliate!
You headbutt the hobgoblin!
You kill the hobgoblin!
There are monsters nearby!
You shoot an arrow. The arrow hits the jackal.
The jackal is almost dead.
The jackal barely misses you.
The jackal bites you but does no damage.
There are monsters nearby!
You shoot an arrow. The arrow closely misses the jackal. x2
The jackal closely misses you. The jackal barely misses you.
There are monsters nearby!
You shoot an arrow. The arrow closely misses the jackal.
The arrow hits the jackal.
The jackal is moderately wounded.
The jackal misses you. You furiously retaliate!
You headbutt the jackal!
You kill the jackal!
A jackal is nearby!
A jackal is nearby!
You shoot an arrow. The arrow barely misses the jackal.
The jackal bites you.
The jackal bites you but does no damage.
A gnoll comes into view. It is wielding a +0 whip.
You shoot an arrow. The arrow misses the jackal.
The jackal bites you. The jackal misses you.
There are monsters nearby!
You shoot an arrow. The arrow closely misses the jackal.
The jackal bites you.
The jackal bites you but does no damage.
There are monsters nearby!
You shoot an arrow. The arrow hits the jackal.
You kill the jackal!
A gnoll is nearby!
You shoot an arrow. The arrow barely misses the gnoll.
A gnoll is nearby!
You shoot an arrow. The arrow closely misses the gnoll.
A gnoll is nearby!
You shoot an arrow. The arrow hits the gnoll.
The gnoll is moderately wounded.
The gnoll closely misses you. The gnoll hits you with a +0 whip.
A rat comes into view.
There are monsters nearby!
You are too injured to fight recklessly!
There are monsters nearby!
You are too injured to fight recklessly!
There are monsters nearby!
You are too injured to fight recklessly!
There are monsters nearby!
You are too injured to fight recklessly!
There are monsters nearby!
You are too injured to fight recklessly!
There are monsters nearby!
You are too injured to fight recklessly!
There are monsters nearby!
You shoot an arrow. The arrow closely misses the gnoll.
The gnoll hits you with a +0 whip!
You shoot an arrow. The arrow closely misses the gnoll.
The gnoll hits you with a +0 whip.
You shoot an arrow. The arrow hits the gnoll.
The gnoll is severely wounded.
The gnoll barely misses you. The gnoll hits you with a +0 whip!
* * * LOW HITPOINT WARNING * * *
You shoot an arrow. The arrow barely misses the gnoll.
The gnoll hits you with a +0 whip.
You die...

#.#...... #.#
..... ......# #.#
#.. ......# #.#.
#.# #.....
#.#.##.# #...r
#.#....####...
#.###.....#†.
#.[.......#g#
#####.....#@###..#
#..............
#.....#.#.##..#
#.....#.#...
#.....#.# ###
#.....#.#
#.....#.#
#.....#.#
#######.#


You could see a gnoll and a rat.

Vanquished Creatures
  A ball python (D:1)
  A goblin (D:1)
  4 hobgoblins (D:1)
  4 jackals (D:1)
  2 frilled lizards (D:1)
  A rat (D:1)
13 creatures vanquished.

Notes
Turn   | Place    | Note
-------+----------+-------------------------------------------
     0 | D:1      | Darkkill the Minotaur Hunter began the quest for the Orb.
     0 | D:1      | Reached XP level 1. HP: 18/18 MP: 0/0
    66 | D:1      | Reached skill level 1 in Stealth
   167 | D:1      | Reached XP level 2. HP: 25/25 MP: 1/1
   198 | D:1      | HP: 1/25 [gnoll/+0 whip (9)]
   199 | D:1      | Slain by a gnoll

Illustrated notes

Levels and vault maps discovered:
D:1:      wander_arrival_desolate, layout_basic, minmay_pentomino_q4

Skill      XL: |  1 |
---------------+----+-----
Stealth        | 1 |  1.2
Fighting       | |  2.8
Ranged Weapons | |  4.5
Dodging        | |  2.5

Action                   || total
-------------------------++-------
 Fire: Shortbow          ||    42
Armor: Leather armour    ||     4
Dodge: Dodged            ||    11

Table legend: (Time is in decaauts)
 A = Elapsed time spent in this place.
 B = Non-inter-level travel time spent in this place.
 C = Inter-level travel time spent in this place.
 D = Time resting spent in this place.
 E = Time spent auto-exploring this place.
 F = Levels seen in this place.
 G = Mean time per level.
                   A        B        C        D        E       F      G
               +--------+--------+--------+--------+--------+-----+--------+
         Total |    212 |    212 |      0 |      0 |    142 |   1 |  212.0 |
       Dungeon |    212 |    212 |      0 |      0 |    142 |   1 |  212.0 |
               +--------+--------+--------+--------+--------+-----+--------+

Top non-repeatable levels by time:
     D:1: 212 daAuts

Table legend:
 A = Kills in this place as a percentage of kills in entire the game.
 B = Kills by you in this place as a percentage of kills by you in the entire game.
 C = Kills by friends in this place as a percentage of kills by friends in the entire game.
 D = Other kills in this place as a percentage of other kills in the entire game.
 E = Experience gained in this place as a percentage of experience gained in the entire game.
 F = Experience gained in this place divided by the number of levels of this place that you have seen.
                   A       B       C       D       E      F
               +-------+-------+-------+-------+-------+----------------------
         Total | 100.0 | 100.0 |   N/A |   N/A | 100.0 |  23.0
       Dungeon | 100.0 | 100.0 |   N/A |   N/A | 100.0 |  23.0
               +-------+-------+-------+-------+-------+----------------------
